[Event "42nd Olympiad Baku 2016 Open"]
[Site "Baku"]
[Date "2016.09.05"]
[Round "4.9"]
[White "Rossini, Paul"]
[Black "Amewounou, Komlan Kouessan"]
[Result "1/2-1/2"]
[ECO "B20"]
[WhiteElo "1692"]
[BlackElo "1798"]
[Annotator ""]
[PlyCount "139"]
[EventDate "2016.??.??"]
[EventCountry "AZE"]
[SourceTitle "playchess.com"]
[Source "ChessBase"]
[WhiteTeam "San Marino"]
[BlackTeam "Togo"]
[WhiteTeamCountry "SMR"]
[BlackTeamCountry "TOG"]
[TimeControl "40/5400+30:1800+30"]

1. e4 {(00:00)} c5 {(00:21)} 2. Bc4 {(00:00)} e6 {(
01:35)} 3. Nc3 {(00:37)} Nc6 {(01:14)} 4. d3 {(02:37)} g6
{(01:58)} 5. a3 {(03:57)} a6 {(00:58)} 6. Nge2 {(
04:25)} Bg7 {(00:32)} 7. f4 {(00:54)} Nge7 {(06:41)} 8.
O-O {(01:19)} d5 {(02:32)} 9. Ba2 {(05:25)} O-O 10. Ng3 b5
{(08:41)} 11. e5 {(04:45)} Nd4 {(00:25)} 12. Nce2 {
(02:17)} Ndf5 {(00:27)} 13. Qe1 {(05:35)} Bb7 {(02:
47)} 14. Nxf5 {(04:21)} Nxf5 {(00:21)} 15. Ng3 {(03:16)}
Nh4 {(00:51)} 16. Bd2 {(06:15)} a5 {(02:11)} 17. b4 {
(01:40)} axb4 {(00:42)} 18. axb4 {(00:11)} c4 {(00:
17)} 19. d4 {(00:13)} c3 {(06:30)} 20. Bxc3 {(02:40)} Qc7
{(02:37)} 21. Bb3 {(07:55)} Rfc8 {(01:51)} 22. Bd2 {
(02:47)} Qb6 {(04:03)} 23. c3 {(00:41)} Bf8 {(00:
55)} 24. Nh5 {(03:25)} Nf5 {(04:04)} 25. Nf6+ {(01:02)}
Kg7 {(01:25)} 26. g4 {(03:00)} Nxd4 {(10:32)} 27. Be3 {
(10:12)} Rxa1 {(00:50)} 28. Qxa1 {(07:45)} Ne2+ {(
00:19)} 29. Kf2 {(00:37)} d4 {(01:32)} 30. cxd4 {(02:30)}
Rc3 {(04:04)} 31. Kxe2 {(05:02)} Rxb3 {(00:19)} 32. Bd2 {
(00:37)} Qc6 {(03:31)} 33. Qc1 {(07:57)} Qg2+ {(06:
09)} 34. Ke1 {(01:09)} Bf3 {(00:44)} 35. Rxf3 {(01:40)}
Qxf3 {(00:13)} 36. Qc2 {(00:12)} Re3+ {(00:24)} 37. Bxe3 {
(00:24)} Qxe3+ {(00:08)} 38. Qe2 {(00:36)} Bxb4+ {(
00:08)} 39. Kf1 {(00:39)} Qxf4+ {(00:31)} 40. Qf2 {(00:25]
} Qxf2+ {(01:49)} 41. Kxf2 {(00:11)} Bc3 {(00:45)} 42. Ke3
{(01:37)} b4 {(00:17)} 43. Ne4 {(02:00)} Ba1 {(00:
43)} 44. Nd2 {(00:27)} g5 {(01:59)} 45. Nb3 {(01:53)} Bc3
{(00:19)} 46. Kd3 {(01:48)} Kg6 {(00:58)} 47. Ke2 {
(00:48)} f5 {(00:14)} 48. h3 {(01:30)} fxg4 {(00:
18)} 49. hxg4 {(00:28)} h5 {(00:09)} 50. gxh5+ {(00:22)}
Kxh5 {(00:11)} 51. Kf2 {(02:48)} Kg4 {(00:12)} 52. Ke3 {
(01:42)} Kh3 {(00:56)} 53. Nc5 {(00:11)} g4 {(00:
21)} 54. Nxe6 {(00:14)} b3 {(00:44)} 55. Nf4+ {(01:27)}
Kh2 {(00:27)} 56. Ne2 {(00:45)} Bb4 {(01:46)} 57. Kd3 {
(01:27)} b2 {(00:53)} 58. Kc2 {(00:10)} Ba3 {(00:
26)} 59. d5 {(00:23)} Kg2 {(00:34)} 60. d6 {(00:41)} Kf3 {
(01:51)} 61. d7 {(01:26)} Be7 {(00:18)} 62. Nd4+ {(
01:41)} Ke4 {(00:59)} 63. Nc6 {(05:00)} Bh4 {(00:46)} 64.
e6 {(00:08)} g3 {(01:09)} 65. e7 {(00:15)} Bxe7 {(
00:11)} 66. Nxe7 {(00:13)} g2 {(00:09)} 67. d8=Q g1=Q {(
00:19)} 68. Qd5+ {(00:53)} Kf4 {(00:30)} 69. Qf5+ {(00:39]
} Kg3 {(00:43)} 70. Qg5+ {(02:54)} 1/2-1/2

[Event "42nd Olympiad Baku 2016 Open"]
[Site "Baku"]
[Date "2016.09.05"]
[Round "4.10"]
[White "Rowe, Peter"]
[Black "Luxama, Jacques Muller"]
[Result "1-0"]
[ECO "D02"]
[WhiteElo "1966"]
[BlackElo "2024"]
[Annotator ""]
[PlyCount "63"]
[EventDate "2016.??.??"]
[EventCountry "AZE"]
[SourceTitle "playchess.com"]
[Source "ChessBase"]
[WhiteTeam "Channel Islands"]
[BlackTeam "Haiti"]
[WhiteTeamCountry "GCI"]
[BlackTeamCountry "HAI"]
[TimeControl "40/5400+30:1800+30"]

1. d4 {(00:00)} Nf6 {(00:00)} 2. Nf3 {(00:46)} d5 {
(00:42)} 3. Bf4 {(00:45)} c5 {(00:44)} 4. c3 {(01:
41)} cxd4 {(04:23)} 5. cxd4 {(00:29)} Nc6 {(00:06)} 6. e3
{(01:55)} Bg4 {(00:30)} 7. Nbd2 {(03:47)} e6 {(01:
09)} 8. a3 {(04:41)} Be7 {(00:39)} 9. h3 {(02:29)} Bxf3 {
(02:06)} 10. Nxf3 {(00:18)} O-O {(00:17)} 11. Bd3 {
(00:41)} Rc8 {(01:42)} 12. O-O {(00:55)} h6 {(05:
11)} 13. Rc1 {(05:26)} Bd6 {(01:15)} 14. Bxd6 {(00:58)}
Qxd6 {(00:05)} 15. Qb3 {(05:36)} Na5 {(05:14)} 16. Qa4 {
(03:18)} Qb6 {(03:12)} 17. b4 {(05:26)} Nc6 {(12:
42)} 18. Rc2 {(05:38)} Ne7 {(05:43)} 19. Rc5 {(04:42)} a6
{(00:38)} 20. Rfc1 {(01:58)} Rxc5 {(00:38)} 21. bxc5 {
(01:59)} Qc6 {(01:28)} 22. Qc2 {(03:18)} Nd7 {(01:
01)} 23. Rb1 {(03:16)} f6 {(02:50)} 24. e4 {(09:21)} Rc8 {
(05:50)} 25. exd5 {(02:16)} Nxd5 {(01:23)} 26. a4 {
(03:34)} f5 {(00:59)} 27. Qb3 {(03:51)} Rb8 {(04:
45)} 28. Bc4 {(04:25)} Kf7 {(03:15)} 29. a5 {(02:05)} Kf6
{(01:09)} 30. Re1 {(02:05)} Re8 {(01:59)} 31. Bxd5 {
(00:41)} Nxc5 {(06:23)} 32. Bxc6 {(00:55)} 1-0

[Event "42nd Olympiad Baku 2016 Open"]
[Site "Baku"]
[Date "2016.09.05"]
[Round "4.12"]
[White "Rusev, Krasimir"]
[Black "Sanikidze, Tornike"]
[Result "1/2-1/2"]
[ECO "A41"]
[WhiteElo "2548"]
[BlackElo "2497"]
[Annotator ""]
[PlyCount "84"]
[EventDate "2016.??.??"]
[EventCountry "AZE"]
[SourceTitle "playchess.com"]
[Source "ChessBase"]
[WhiteTeam "Bulgaria"]
[BlackTeam "Georgia"]
[WhiteTeamCountry "BUL"]
[BlackTeamCountry "GEO"]
[TimeControl "40/5400+30:1800+30"]

1. c4 {(00:00)} g6 {(02:26)} 2. Nc3 {(00:09)} Bg7 {
(00:06)} 3. d4 {(01:24)} d6 {(00:26)} 4. Nf3 {(02:
00)} Bg4 {(00:09)} 5. e3 {(06:01)} Nf6 {(01:35)} 6. Be2 {
(03:36)} O-O {(02:29)} 7. O-O {(01:59)} Re8 {(00:
41)} 8. h3 {(05:45)} Bf5 {(00:08)} 9. b4 {(27:42)} e5 {
(28:41)} 10. dxe5 {(01:31)} Ne4 {(06:45)} 11. Bb2 {
(02:46)} Nxc3 {(02:50)} 12. Bxc3 {(00:04)} Nc6 {(
00:40)} 13. Qb3 {(20:47)} Nxe5 {(01:38)} 14. Rfd1 {(00:09]
} Qe7 {(09:05)} 15. Rac1 {(05:55)} Rad8 {(07:20)} 16. Qb2
{(01:22)} Nxf3+ {(02:03)} 17. Bxf3 {(00:04)} Bxc3 {
(00:11)} 18. Qxc3 {(00:05)} Be4 {(00:20)} 19. Bxe4 {
(00:33)} Qxe4 {(00:06)} 20. Rd5 {(01:20)} Re5 {(09:
39)} 21. Rcd1 {(01:49)} Rde8 {(00:31)} 22. a4 {(01:21)} a6
{(02:21)} 23. a5 {(02:05)} h5 {(01:48)} 24. Qb3 {(
00:49)} Rxd5 {(00:59)} 25. cxd5 {(00:27)} Re5 {(06:03)}
26. Rd4 {(04:44)} Qf5 {(00:03)} 27. Qc4 {(05:34)} Re7 {
(00:10)} 28. h4 {(01:45)} Qb1+ {(05:33)} 29. Kh2 {(
00:00)} Qb2 {(00:09)} 30. Kg3 {(00:42)} Qa1 {(02:18)} 31.
Qc2 {(01:20)} Kg7 {(01:53)} 32. Kh2 {(01:02)} Kg8 {
(00:52)} 33. g3 {(00:32)} Qf1 {(00:53)} 34. Rf4 {(
00:26)} Qb5 {(00:54)} 35. Rd4 {(00:25)} Qf1 {(00:34)} 36.
e4 {(01:11)} Qe1 {(01:04)} 37. Kg2 {(00:17)} Kg7 {(
03:42)} 38. Rc4 {(00:16)} Kg8 {(00:10)} 39. Kf3 {(00:50)}
Qh1+ {(01:41)} 40. Kf4 {(00:00)} Qe1 {(00:00)} 41. Kf3 {
(13:11)} Qh1+ {(06:14)} 42. Kf4 {(02:07)} Qe1 {(00:
12)} 1/2-1/2

[Event "42nd Olympiad Baku 2016 Open"]
[Site "Baku"]
[Date "2016.09.05"]
[Round "4.23"]
[White "Salem, Mahjob"]
[Black "Farley, Terry"]
[Result "1/2-1/2"]
[ECO "A48"]
[WhiteElo "2092"]
[BlackElo "2203"]
[Annotator ""]
[PlyCount "108"]
[EventDate "2016.??.??"]
[EventCountry "AZE"]
[SourceTitle "playchess.com"]
[Source "ChessBase"]
[WhiteTeam "Libya"]
[BlackTeam "Barbados"]
[WhiteTeamCountry "LBY"]
[BlackTeamCountry "BAR"]
[TimeControl "40/5400+30:1800+30"]

1. d4 {(00:00)} Nf6 {(00:00)} 2. Nf3 {(00:00)} g6 {
(00:00)} 3. b4 {(01:05)} Bg7 {(00:18)} 4. Bb2 {(00:
03)} O-O {(05:37)} 5. e3 {(01:29)} d6 {(17:26)} 6. Bd3 {
(01:27)} Nbd7 {(01:43)} 7. O-O {(01:25)} Re8 {(10:
05)} 8. Nbd2 {(13:40)} e5 {(01:33)} 9. dxe5 {(00:25)} dxe5
{(00:50)} 10. Ne4 {(00:31)} Nxe4 {(02:11)} 11. Bxe4 {
(00:01)} Nf6 {(00:09)} 12. Nd2 {(06:06)} Qe7 {(02:
15)} 13. a3 {(03:13)} Nxe4 {(22:29)} 14. Nxe4 {(00:03)}
Be6 {(00:12)} 15. Qe2 {(03:48)} b6 {(04:05)} 16. c4 {
(02:57)} a5 {(03:10)} 17. b5 {(10:50)} f5 {(00:55)}
18. Nd2 {(00:29)} Qc5 {(08:27)} 19. Rac1 {(01:50)} a4 {
(00:13)} 20. Nf3 {(06:02)} h6 {(01:13)} 21. Qc2 {(
01:42)} c6 {(02:49)} 22. bxc6 {(04:18)} Rec8 {(00:13)} 23.
Qc3 {(05:06)} Ra5 {(00:06)} 24. Rc2 {(03:04)} Qxc6 {
(00:29)} 25. Rfc1 {(01:35)} Rc5 {(00:28)} 26. Qb4 {
(02:39)} g5 {(01:46)} 27. h3 {(04:19)} Qc7 {(04:19]
} 28. Qxa4 {(04:55)} b5 {(01:06)} 29. Qa6 {(04:19)} Bxc4 {
(00:07)} 30. Qg6 {(05:18)} Qf7 {(00:52)} 31. Qxf7+ {
(01:56)} Kxf7 {(00:05)} 32. a4 {(02:07)} bxa4 {(02:
14)} 33. Nd2 {(00:24)} Rb5 {(05:15)} 34. Ba3 {(04:51)} Bf8
35. Bxf8 Kxf8 {(02:22)} 36. Rxc4 {(01:39)} Rxc4 {(00:32)}
37. Rxc4 {(01:05)} Rb2 {(00:34)} 38. Nf3 {(00:48)} a3 {
(00:38)} 39. Ra4 {(00:01)} a2 {(00:07)} 40. Kh2 {(
00:00)} e4 {(00:00)} 41. Nd4 {(07:54)} Rxf2 {(00:36)} 42.
Kg3 {(00:14)} Rd2 {(25:54)} 43. Nxf5 {(01:14)} h5 {
(00:13)} 44. h4 {(05:57)} gxh4+ {(01:15)} 45. Nxh4 {
(01:33)} Kf7 {(00:19)} 46. Kf4 {(01:58)} Rb2 {(01:
36)} 47. Ra6 {(00:37)} Ke8 {(01:37)} 48. g3 {(01:35)} Kd8
{(01:16)} 49. Kxe4 {(02:28)} Kc7 {(00:05)} 50. Kf4 {
(01:36)} Kb7 {(00:38)} 51. Ra3 {(00:39)} Kc6 {(00:
18)} 52. Nf5 {(02:03)} Kb5 {(01:24)} 53. Nd4+ {(01:45)}
Kc4 {(00:32)} 54. Ke4 {(04:00)} Rg2 {(00:45)} 1/2-1/2

[Event "42nd Olympiad Baku 2016 Open"]
[Site "Baku"]
[Date "2016.09.05"]
[Round "4.17"]
[White "Salim Mohammed Salim Al Amri"]
[Black "Mctigue, James"]
[Result "1-0"]
[ECO "C11"]
[WhiteElo "2050"]
[BlackElo "2205"]
[Annotator ""]
[PlyCount "115"]
[EventDate "2016.??.??"]
[EventCountry "AZE"]
[SourceTitle "playchess.com"]
[Source "ChessBase"]
[WhiteTeam "OMA"]
[BlackTeam "U.S. Virgin Islands"]
[BlackTeamCountry "ISV"]
[TimeControl "40/5400+30:1800+30"]

1. e4 {(00:00)} e6 {(00:00)} 2. d4 {(00:00)} d5 {(
00:00)} 3. Nc3 {(00:00)} Nf6 {(00:06)} 4. e5 {(00:01)}
Nfd7 {(00:14)} 5. Nce2 {(00:20)} c5 {(00:18)} 6. c3 {
(00:08)} Nc6 {(00:11)} 7. Nf3 {(00:07)} Qb6 {(06:
34)} 8. a3 {(00:16)} c4 {(02:08)} 9. Nf4 {(03:43)} Be7 {
(10:58)} 10. h4 {(00:08)} Na5 {(01:41)} 11. Be2 {(
26:15)} Nf8 {(04:17)} 12. Nh5 {(06:40)} Rg8 {(00:40)} 13.
O-O {(04:35)} Bd7 {(08:56)} 14. Qc2 {(01:00)} Nb3 {
(03:16)} 15. Rb1 {(03:19)} Ba4 {(10:00)} 16. Bd1 {(
00:20)} Qc6 {(00:31)} 17. Qe2 {(00:49)} Nxc1 {(02:10)} 18.
Rxc1 {(00:24)} Bxd1 {(00:04)} 19. Rfxd1 {(00:47)} Nd7 {
(11:08)} 20. Qc2 {(02:56)} g6 {(00:38)} 21. Nf4 {(
00:30)} b5 {(05:23)} 22. g4 {(03:18)} a5 {(01:30)} 23. g5
{(00:35)} a4 {(03:24)} 24. Kg2 {(02:55)} O-O-O {(
00:39)} 25. Kg3 {(01:38)} Kb7 {(04:42)} 26. Ng2 {(00:26)}
Rh8 {(00:33)} 27. Qd2 {(00:43)} Qc7 {(01:30)} 28. Qf4 {
(05:21)} Rdf8 {(00:17)} 29. Ne3 {(01:51)} Bd8 {(03:
18)} 30. Ng4 {(01:04)} h5 {(03:44)} 31. Nf6 {(06:19)} Bxf6
{(03:12)} 32. gxf6 {(01:08)} Nb8 {(03:14)} 33. Kh2 {
(03:41)} Nd7 {(04:43)} 34. Ng5 {(01:11)} Nb8 {(00:
34)} 35. Qe3 {(00:40)} Nc6 {(00:32)} 36. Rg1 {(01:23)} Nd8
{(00:53)} 37. Nh3 {(00:32)} Nc6 {(01:53)} 38. Nf4 {
(00:50)} Nd8 {(00:10)} 39. Qf3 {(00:44)} Rfg8 {(01:
05)} 40. Rg5 {(00:00)} Qd7 {(00:00)} 41. Rcg1 {(01:25)}
Qe8 {(03:30)} 42. Kh3 {(00:16)} Qd7 {(03:55)} 43. R1g3 {
(07:01)} Kc7 {(05:29)} 44. Qg2 {(01:23)} Kc8 {(02:
00)} 45. Kh2 {(00:37)} Kc7 {(00:16)} 46. Ne2 {(00:54)} Nc6
{(00:44)} 47. f4 {(00:37)} Nd8 {(00:34)} 48. Re3 {(
00:28)} Re8 {(02:17)} 49. Ng3 {(00:31)} Kb8 {(02:05)} 50.
Re1 {(00:11)} Nc6 {(01:41)} 51. Nf1 {(00:09)} Nd8 {
(00:41)} 52. Ne3 {(00:08)} Nc6 {(00:04)} 53. Rg1 {(
00:50)} Nd8 {(00:29)} 54. Qf3 {(00:20)} Nc6 {(00:24)} 55.
f5 {(02:42)} exf5 {(06:48)} 56. Nxd5 {(10:15)} Nxd4 {
(01:46)} 57. cxd4 {(01:14)} Rd8 {(01:41)} 58. Nb4 {
(01:42)} 1-0

[Event "42nd Olympiad Baku 2016 Open"]
[Site "Baku"]
[Date "2016.09.05"]
[Round "4.27"]
[White "Sanches, Casanova Romario"]
[Black "Sabar Ethmane Daouda"]
[Result "1-0"]
[ECO "C24"]
[WhiteElo "2082"]
[BlackElo "2063"]
[Annotator ""]
[PlyCount "136"]
[EventDate "2016.??.??"]
[EventCountry "AZE"]
[SourceTitle "playchess.com"]
[Source "ChessBase"]
[WhiteTeam "Surinam"]
[BlackTeam "MTN"]
[WhiteTeamCountry "SUR"]
[TimeControl "40/5400+30:1800+30"]

1. e4 {(00:00)} e5 {(00:00)} 2. Bc4 {(00:00)} Nf6 {
(00:00)} 3. d3 {(00:03)} d5 {(02:07)} 4. exd5 {(00:
07)} Nxd5 {(00:02)} 5. Nf3 {(00:13)} Nc6 {(00:36)} 6. O-O
{(00:11)} Be7 {(02:54)} 7. Re1 {(00:20)} O-O {(05:
23)} 8. Nc3 {(23:26)} Nxc3 {(03:54)} 9. bxc3 {(00:02)} Bf6
{(03:32)} 10. Nd2 {(05:45)} Na5 {(05:32)} 11. Bb5 {
(09:10)} c6 {(03:57)} 12. Ba4 {(00:12)} b5 {(00:32]
} 13. Bb3 {(00:02)} Nxb3 {(00:19)} 14. axb3 {(00:02)} g6 {
(05:54)} 15. Qf3 {(00:21)} Bd7 {(06:00)} 16. Ne4 {(
01:05)} Be7 {(02:50)} 17. Ba3 {(09:12)} f5 {(01:32)} 18.
Nc5 {(01:28)} Bxc5 {(18:29)} 19. Bxc5 {(00:11)} Re8 {
(00:05)} 20. Bxa7 {(22:32)} e4 {(04:15)} 21. dxe4 {
(01:14)} fxe4 {(00:02)} 22. Qe3 {(01:32)} Qh4 {(02:
31)} 23. Bd4 {(02:02)} Bf5 {(08:04)} 24. h3 {(07:56)} g5 {
(18:40)} 25. c4 {(03:22)} Qf4 {(01:04)} 26. Qc3 {(
02:10)} Bg6 {(02:36)} 27. cxb5 {(02:36)} cxb5 {(00:25)}
28. Rxa8 {(01:15)} Rxa8 {(00:01)} 29. Qc6 {(02:21)} Rd8 {
(00:19)} 30. Be3 {(02:37)} Qf5 {(00:12)} 31. Qc7 {(
00:51)} Rc8 {(00:28)} 32. Qe7 {(01:08)} Re8 {(02:27)} 33.
Qxg5 {(02:04)} Qxg5 {(00:01)} 34. Bxg5 {(00:08)} Rc8 {
(00:15)} 35. Rc1 {(00:30)} e3 {(01:32)} 36. Bxe3 {(
00:40)} Bxc2 {(00:14)} 37. b4 {(00:43)} Kf7 {(00:33)} 38.
Bc5 {(00:32)} Bd3 {(00:11)} 39. Rd1 {(00:33)} Rd8 {
(00:19)} 40. Re1 {(00:00)} Rd7 {(00:00)} 41. Kh2 {(
00:51)} Kf6 {(01:42)} 42. g4 {(01:11)} Bc4 {(02:40)} 43.
Kg3 {(01:01)} Rd3+ {(06:34)} 44. Re3 {(00:55)} Rxe3+ {
(00:35)} 45. Bxe3 {(00:15)} Bf1 {(00:46)} 46. f4 {(
01:39)} Be2 {(06:40)} 47. Bd4+ {(00:13)} Kg6 {(01:21)} 48.
Kh4 {(00:36)} Bf1 {(00:59)} 49. f5+ {(00:54)} Kf7 {
(00:43)} 50. Kg3 {(00:53)} Bd3 {(01:35)} 51. Kf4 {(
02:51)} Bf1 {(00:25)} 52. h4 {(00:35)} Be2 {(00:16)} 53.
Kg5 {(02:03)} Bd1 {(00:32)} 54. h5 {(03:11)} Be2 {(
00:19)} 55. Kh4 {(01:40)} Bd3 {(00:44)} 56. Kg5 {(00:11)}
Be2 {(00:07)} 57. Kf4 {(01:51)} Bd1 {(00:50)} 58. h6 {
(01:15)} Kg8 {(01:27)} 59. g5 {(04:57)} Bh5 {(03:
57)} 60. Bf6 {(02:52)} Be8 {(00:32)} 61. Ke5 {(00:55)} Bf7
{(00:42)} 62. Kd6 {(00:53)} Be8 {(00:38)} 63. Ke7 {
(00:44)} Bh5 {(00:07)} 64. Bd4 {(00:40)} Bg4 {(00:
37)} 65. Kf6 {(00:32)} Bh5 {(02:50)} 66. g6 {(00:22)} Bg4
{(00:05)} 67. Kg5 {(03:07)} Bh3 {(00:40)} 68. f6 {(
00:12)} Bg4 1-0

[Event "42nd Olympiad Baku 2016 Open"]
[Site "Baku"]
[Date "2016.09.05"]
[Round "4.8"]
[White "Sands, David A"]
[Black "Gholami, Aryan"]
[Result "0-1"]
[ECO "E46"]
[WhiteElo "2122"]
[BlackElo "2435"]
[Annotator ""]
[PlyCount "94"]
[EventDate "2016.??.??"]
[EventCountry "AZE"]
[SourceTitle "playchess.com"]
[Source "ChessBase"]
[WhiteTeam "Wales"]
[BlackTeam "Iran"]
[WhiteTeamCountry "WLS"]
[BlackTeamCountry "IRI"]
[TimeControl "40/5400+30:1800+30"]

1. d4 {(00:00)} Nf6 {(00:00)} 2. c4 {(00:00)} e6 {(
00:00)} 3. Nc3 {(00:00)} Bb4 {(00:00)} 4. e3 {(00:03)} O-O
{(00:02)} 5. Nge2 {(00:07)} Re8 {(00:05)} 6. a3 {(
00:39)} Bf8 {(00:07)} 7. Ng3 {(00:22)} d5 {(00:10)} 8. Be2
{(02:14)} g6 {(02:05)} 9. O-O {(00:52)} h5 {(00:12]
} 10. Re1 {(12:27)} h4 {(12:35)} 11. Nf1 {(04:34)} h3 {
(10:34)} 12. g3 {(00:10)} Nbd7 {(00:35)} 13. b3 {(
20:43)} c6 {(04:19)} 14. Bb2 {(02:57)} a6 {(04:12)} 15.
Bf3 {(08:50)} dxc4 {(03:49)} 16. bxc4 {(00:08)} e5 {
(00:03)} 17. Nd2 {(05:56)} Bg7 {(06:05)} 18. Nce4 {
(05:26)} Nxe4 {(03:59)} 19. Nxe4 {(00:24)} Nb6 {(
01:28)} 20. Rc1 {(00:20)} f5 {(17:28)} 21. Nc5 {(00:33)}
e4 {(00:49)} 22. Be2 {(00:13)} g5 {(00:28)} 23. Bc3 {
(06:04)} Nd7 {(01:30)} 24. Nxd7 {(03:10)} Bxd7 {(
01:24)} 25. Rb1 {(03:27)} Rb8 {(00:17)} 26. Qd2 {(01:43)}
Be6 {(06:14)} 27. Red1 {(02:35)} Bf7 {(01:34)} 28. a4 {
(03:48)} Qc7 {(05:48)} 29. Ba5 {(00:49)} Qe7 {(01:
31)} 30. Bb6 {(07:34)} f4 {(06:21)} 31. Qb4 {(01:12)} Qd7
{(00:58)} 32. Qa5 {(01:25)} Bh6 {(01:36)} 33. d5 {(
02:38)} cxd5 {(01:54)} 34. cxd5 {(00:09)} Rbc8 {(00:30)}
35. d6 {(02:21)} Rc6 {(04:34)} 36. Bc7 {(01:43)} fxe3 {
(00:05)} 37. fxe3 {(00:05)} g4 {(00:09)} 38. Qd2 {(
00:35)} Rxc7 {(03:17)} 39. dxc7 {(00:15)} Qxd2 {(00:06)}
40. Rxd2 {(00:00)} Bxe3+ {(00:00)} 41. Kf1 {(09:16)} Bxd2
{(01:05)} 42. Bxg4 {(00:12)} Bc4+ {(00:35)} 43. Kg1 {
(00:21)} Bd3 {(10:57)} 44. Ra1 {(08:44)} Be3+ {(02:
36)} 45. Kh1 {(00:10)} Bd4 {(08:14)} 46. Rc1 {(13:09)} e3
{(00:12)} 47. c8=Q Be4+ {(00:10)} 0-1

[Event "42nd Olympiad Baku 2016 Open"]
[Site "Baku"]
[Date "2016.09.05"]
[Round "4.9"]
[White "Sanon, Mondoly"]
[Black "Kirby, Peter J"]
[Result "0-1"]
[ECO "B34"]
[WhiteElo "2036"]
[BlackElo "2014"]
[Annotator ""]
[PlyCount "101"]
[EventDate "2016.??.??"]
[EventCountry "AZE"]
[SourceTitle "playchess.com"]
[Source "ChessBase"]
[WhiteTeam "Haiti"]
[BlackTeam "Channel Islands"]
[WhiteTeamCountry "HAI"]
[BlackTeamCountry "GCI"]
[TimeControl "40/5400+30:1800+30"]

1. e4 {(00:00)} c5 {(00:00)} 2. Nf3 {(00:15)} Nc6 {
(00:00)} 3. d4 {(00:11)} cxd4 {(00:00)} 4. Nxd4 {(
00:07)} g6 {(00:00)} 5. Nc3 {(01:11)} Bg7 {(00:08)} 6. Be3
{(00:14)} Nf6 {(00:12)} 7. Be2 {(00:42)} O-O {(00:
31)} 8. O-O {(03:40)} d5 {(00:35)} 9. Nxc6 {(04:21)} bxc6
{(00:06)} 10. e5 {(00:21)} Ne8 {(05:39)} 11. f4 {(
00:36)} f6 {(01:27)} 12. Bd4 {(02:54)} Nc7 {(04:34)} 13.
exf6 {(07:04)} exf6 {(00:22)} 14. g3 {(02:16)} Re8 {
(09:02)} 15. Bf3 {(01:05)} Ne6 {(05:12)} 16. Re1 {(
00:52)} Bb7 {(08:03)} 17. Bg4 {(08:44)} Nxd4 {(01:06)} 18.
Qxd4 {(00:41)} f5 {(01:23)} 19. Qb4 {(00:12)} Qb6+ {
(06:07)} 20. Qxb6 {(01:28)} axb6 {(00:02)} 21. Rxe8+ {
(00:52)} Rxe8 {(00:01)} 22. Bh3 {(02:46)} Bd4+ {(
02:01)} 23. Kh1 {(01:56)} Ba6 {(10:50)} 24. Na4 {(25:00)}
b5 {(04:17)} 25. Rd1 {(02:41)} Ba7 {(02:06)} 26. Nc3 {
(00:48)} b4 {(04:44)} 27. Nb1 {(01:58)} Be2 {(00:
30)} 28. Rc1 {(01:36)} Bf3+ {(05:45)} 29. Bg2 {(01:27)}
Bxg2+ {(00:02)} 30. Kxg2 {(00:48)} Re2+ {(00:14)} 31. Kh3
{(07:57)} Be3 {(00:21)} 32. Rd1 {(07:08)} Rxc2 {(
04:16)} 33. a3 {(02:36)} Rxb2 {(01:27)} 34. axb4 {(00:05)}
Rxb4 {(00:59)} 35. Re1 {(02:57)} d4 {(01:43)} 36. Na3 {
(00:33)} Rb3 {(03:57)} 37. Nc4 {(01:19)} Rc3 {(01:
39)} 38. Ne5 {(03:16)} Rc1 {(02:37)} 39. Rxc1 {(02:02)}
Bxc1 {(00:02)} 40. Nxc6 {(00:00)} d3 {(00:00)} 41. Ne7+ {
(00:03)} Kf7 {(02:49)} 42. Nd5 {(00:11)} Ke6 {(01:
03)} 43. Nc3 {(00:02)} Bb2 {(02:08)} 44. Nd1 {(00:06)} Bd4
{(00:36)} 45. Kg2 {(00:40)} Kd5 {(01:16)} 46. Kf1 {
(08:06)} Ke4 {(01:18)} 47. Kg2 {(00:11)} h6 {(04:
36)} 48. h3 {(00:33)} h5 {(00:29)} 49. h4 {(16:16)} d2 {
(00:51)} 50. g4 {(03:43)} fxg4 {(04:01)} 51. Kg3 {(
00:08)} 0-1

[Event "42nd Olympiad Baku 2016 Open"]
[Site "Baku"]
[Date "2016.09.05"]
[Round "4.33"]
[White "Saraci, Nderim"]
[Black "Hernandez Guerrero, Gilberto"]
[Result "1/2-1/2"]
[ECO "B40"]
[WhiteElo "2337"]
[BlackElo "2506"]
[Annotator ""]
[PlyCount "62"]
[EventDate "2016.??.??"]
[EventCountry "AZE"]
[SourceTitle "playchess.com"]
[Source "ChessBase"]
[WhiteTeam "Kosovo"]
[BlackTeam "Mexico"]
[WhiteTeamCountry "KOS"]
[BlackTeamCountry "MEX"]
[TimeControl "40/5400+30:1800+30"]

1. e4 {(00:00)} c5 {(00:00)} 2. Nf3 {(00:00)} e6 {(
03:41)} 3. g3 {(01:33)} Nc6 {(01:11)} 4. Bg2 {(00:21)} Nf6
{(00:37)} 5. d3 {(01:03)} d6 {(00:57)} 6. O-O {(01:
38)} Be7 {(00:06)} 7. Re1 {(04:39)} O-O {(04:15)} 8. e5 {
(02:40)} dxe5 {(01:28)} 9. Nxe5 {(02:05)} Nxe5 {(
00:07)} 10. Rxe5 {(00:07)} Qc7 {(00:17)} 11. Re1 {(03:57)}
Bd7 {(00:57)} 12. Bf4 {(05:20)} Qc8 {(01:39)} 13. Nc3 {
(03:39)} Bc6 {(00:37)} 14. Ne4 {(01:28)} Qd7 {(10:
32)} 15. Be5 {(13:53)} Nxe4 {(04:33)} 16. dxe4 {(04:18)}
Qxd1 {(00:25)} 17. Raxd1 {(00:26)} Rfd8 {(00:11)} 18. b3 {
(05:15)} f6 {(02:20)} 19. Bc3 {(06:37)} Kf7 {(01:
23)} 20. e5 {(04:00)} Bxg2 {(00:57)} 21. Kxg2 {(00:34)} f5
{(00:43)} 22. Kf3 {(01:11)} Rxd1 {(02:23)} 23. Rxd1 {
(00:06)} Rd8 {(00:11)} 24. Rxd8 {(00:46)} Bxd8 {(
00:06)} 25. Ke2 {(01:35)} Ke8 {(00:10)} 26. Kd3 Kd7 {(00:
08)} 27. Bb2 {(00:57)} Kc6 {(01:08)} 28. c4 {(00:19)} Bc7
{(00:49)} 29. Bc3 {(00:19)} g6 {(01:02)} 30. f3 {(
00:36)} a6 {(00:29)} 31. h3 {(00:37)} b6 {(00:43] Ke4}
1/2-1/2